 Dungeon Crawl Stone Soup version 0.17-a0-1582-ge6b0260 (webtiles) character file.

106 Chiseanne the Magician (level 4, -1/32 HPs)
             Began as a Demonspawn Wanderer on July 28, 2015.
             Slain by an orc (2 damage)
             ... on level 3 of the Dungeon.
             The game lasted 00:06:54 (3612 turns).

Chiseanne the Magician (Demonspawn Wanderer)        Turns: 3612, Time: 00:06:55

Health: -1/32      AC:  5    Str: 12    XL:     4   Next: 55%
Magic:  9/9        EV: 10    Int: 14    God:
Gold:   63         SH:  0    Dex: 13    Spells: 1 memorised, 9 levels left

rFire  . . .     SeeInvis .     a - +1 short sword
rCold  . . .     Clarity  .     h - +0 ring mail
rNeg   + . .     SustAt   .     (no shield)
rPois  .         Gourm    .     (no helmet)
rElec  .         Spirit   .     (no cloak)
rCorr  .         Warding  .     (no gloves)
rMut   .         Stasis   .     (no boots)
MR     +....                    (no amulet)
Stlth  +.........               m - ring of positive energy (curse)
                                j - ring of protection from magic

@: somewhat resistant to hostile enchantments, very unstealthy
A: talons 2
a: no special abilities


You were on level 3 of the Dungeon.
You were hungry.

You visited 1 branch of the dungeon, and saw 3 of its levels.

You collected 63 gold pieces.

Inventory:

Hand weapons
 a - a +1 short sword (weapon)
Missiles
 c - 13 poisoned needles
 i - 33 stones (quivered)
 l - 13 poisoned sling bullets
Armour
 h - a +0 ring mail (worn)
Jewellery
 d - an uncursed amulet of stasis
 j - a ring of protection from magic (left hand)
 m - a cursed ring of positive energy (right hand)
Scrolls
 e - 4 scrolls of identify
Books
 b - the Disquisition on Boosts

   Spells                             Type                      Level
   a - Infusion                       Charms                       1
   b - Song of Slaying                Charms                       2
 g - a book of Geomancy

   Spells                             Type                      Level
   a - Sandblast                      Earth                        1
   b - Stoneskin                      Transmutation/Earth          2
   c - Passwall                       Transmutation/Earth          3
   d - Stone Arrow                    Conjuration/Earth            3
   e - Petrify                        Transmutation/Earth          4
   f - Lee's Rapid Deconstruction     Earth                        5
Comestibles
 f - a bread ration
 k - 3 meat rations


   Skills:
 + Level 1.4 Fighting
 - Level 1.0 Throwing
 * Level 1.1 Armour
 * Level 1.5 Dodging
 - Level 1.0 Stealth
 * Level 3.7 Spellcasting
 + Level 1.2 Charms
   Level 1.7 Ice Magic
   Level 2.6 Earth Magic


You had 9 spell levels left.
You knew the following spells:

 Your Spells              Type           Power        Failure   Level  Hunger
a - Infusion              Chrm           #.....       30%         1    None


Dungeon Overview and Level Annotations

Branches:
Dungeon (3/15)

Altars:
Ashenzari
Ru


Innate Abilities, Weirdness & Mutations

You have razor-sharp toenails.


Message History

The orc wizard is almost dead.
The orc wizard closely misses you.
Drink which item? (? for menu, Esc to quit)
You feel better. The orc wizard hits you with a dagger.
* * * LOW HITPOINT WARNING * * *
The orc wizard points at you and mumbles some strange words.
The magic dart hits you!
* * * LOW HITPOINT WARNING * * *
You aren't carrying any potions.
Unknown command.
You closely miss the orc wizard.
The orc wizard is almost dead.
The orc wizard hits you but does no damage.
You barely miss the orc wizard.
The orc wizard is severely wounded.
The orc wizard mumbles some strange words.
The orc wizard blinks!
Unknown command.
The orc hits you.
You die...

...P≈≈≈ #. .. r...≈≈≈ .♣P
.....PP .≈P ....≈P≈ ..≈
...≈P≈P #.# #####†...≈≈≈
#.# #..oo.(..≈≈≈ .. #.#
#o###...P≈P≈ ... ###†###@#
...≈≈P≈ ....##+#.......#
...#### #..............##
...#
#....................o ###
#........#####.....#.#.#<#
#........# #.##..#.#o#.#
#........#####+##..# #.#
#......>........#..# #.#
#...............#..# #.#


You could see an orc.

Vanquished Creatures
  4 adders
  3 worms (D:2)
  2 giant geckos
  An orc (D:3)
  3 giant cockroaches
  8 goblins
  10 hobgoblins
  A ball python (D:1)
  8 bats
  5 giant newts
  11 kobolds
  4 rats
60 creatures vanquished.

Notes
Turn   | Place    | Note
--------------------------------------------------------------
     0 | D:1      | Chiseanne the Demonspawn Wanderer began the quest for the Orb.
     0 | D:1      | Chiseanne set off with: a book of Geomancy, the Disquisition on Boosts, a potion of curing, a +0 robe, a +0 club, a bread ration
     0 | D:1      | Reached XP level 1. HP: 13/13 MP: 4/4
     0 | D:1      | Identified the Disquisition on Boosts
     2 | D:1      | Learned a level 1 spell: Infusion
   318 | D:1      | Gained mutation: You have sharp toenails. [demonic ancestry]
   318 | D:1      | Reached XP level 2. HP: 11/19 MP: 1/6
   674 | D:1      | Reached skill level 1 in Charms
  1051 | D:1      | Reached skill level 1 in Dodging
  1051 | D:1      | Gained mutation: You have razor-sharp toenails. [demonic ancestry]
  1051 | D:1      | Reached XP level 3. HP: 25/25 MP: 7/7
  1787 | D:2      | Reached skill level 1 in Fighting
  1949 | D:2      | Found a shattered altar of Ashenzari.
  1973 | D:2      | Reached skill level 1 in Armour
  2204 | D:2      | Reached XP level 4. HP: 9/32 MP: 9/9
  3351 | D:2      | Found a sacrificial altar of Ru.
  3607 | D:3      | HP: 1/32 [orc wizard/magic dart (7)]
  3612 | D:3      | Slain by an orc

Vault maps used:
D:1:      dpeg_arrival_boxes_within_box, minmay_surrounded
D:2:      nicolae_ru_the_path_less_chosen, evilmike_ruin_ashenzari
D:3:      serial_bayou, serial_bayou_ford_a, serial_bayou_shore_b,
          serial_bayou_shore_a, serial_bayou_pond_e, grunt_ministairs_2,
          minmay_misc_feat_tiny, eino_curves_02, grunt_decor_clamped,
          vehumet_altar_wand_db

Action                   |  1- 3 |  4- 6 || total
-------------------------+-------+-------++-------
Melee: Whip              |    20 |       ||    20
       Club              |     5 |       ||     5
       Short sword       |   168 |    87 ||   255
 Cast: Infusion          |     6 |       ||     6
  Use: Scroll            |     2 |     2 ||     4
       Potion            |     1 |     1 ||     2
 Stab: Sleeping          |     1 |     1 ||     2
  Eat: Chunk             |     4 |     4 ||     8
